 Dungeon Crawl Stone Soup version 0.31-a0-836-g3ceb0a68c4 (webtiles) character file.

Game seed: 745499509623147213

2767 IdlyInterested the Cutter (level 9, -1/61 HPs)
             Began as a Demonspawn Monk on Sept 26, 2023.
             Was a Believer of Hepliaklqana.
             Slain by a yak (6 damage)
             ... on level 7 of the Dungeon.
             The game lasted 00:30:10 (7337 turns).

IdlyInterested the Cutter (Demonspawn Monk)         Turns: 7337, Time: 00:30:11

Health: -1/61      AC: 19    Str: 12    XL:     9   Next: 42%
Magic:  16/16      EV:  7    Int: 16    God:    Hepliaklqana [**....]
Gold:   57         SH:  4    Dex: 15    Spells: 18/18 levels left

rFire   . . .        F - +1 rapier (elec)
rCold   . . .        L - +0 buckler
rNeg    . . .        N - +0 chain mail
rPois   .            (no helmet)
rElec   .            (no cloak)
rCorr   .            g - +0 pair of gloves
SInv    .            (no boots)
Will    .....        (no amulet) Stlth
                     d - ring of wizardry
HPRegen 0.30/turn    b - +4 ring of protection
MPRegen 0.30/turn

%: wizardry (x1)
@: sanguine armoured
A: reduced essence, powered by death 2, magic regeneration, sanguine armour 1,
weakness stinger 1
a: Renounce Religion, Recall Ancestor, Ancestor Identity


You were on level 7 of the Dungeon.
You worshipped Hepliaklqana.
Hepliaklqana was pleased with you.
You visited 2 branches of the dungeon, and saw 8 of its levels.
You also visited: Sewer.

You collected 337 gold pieces.
You spent 280 gold pieces at shops.

Inventory:

Hand Weapons
 a - a +0 trident
 i - a +0 scimitar
 o - a +0 vampiric dagger
 p - a +1 dagger of venom
 s - a +2 rapier of draining
 u - a +0 dagger
 z - a +0 dagger of speed
 F - a +1 rapier of electrocution (weapon)
 H - a +0 falchion
 M - a +0 quarterstaff
Missiles
 f - 6 javelins
 h - 40 stones
 j - 2 curare-tipped darts
 l - 22 poisoned darts (quivered)
 m - 8 boomerangs
Armour
 c - an orb of light
 g - a +0 pair of gloves (worn)
 q - a +0 scale mail
 v - a +0 robe
 I - a +0 leather armour
 J - a +0 ring mail
 L - a +0 buckler (worn)
 N - a +0 chain mail (worn)
Magical Staves
 V - a staff of earth
Jewellery
 b - a +4 ring of protection (right hand)
 d - a ring of wizardry (left hand)
Wands
 B - a wand of polymorph (5)
 U - a wand of mindburst (12)
Scrolls
 e - 2 scrolls of revelation
 k - 2 scrolls of vulnerability
 n - 2 scrolls of enchant weapon
 r - 2 scrolls of blinking
 t - 2 scrolls of fear
 w - a scroll of fog
 x - a scroll of butterflies
 y - 4 scrolls of teleportation
 C - 2 scrolls of immolation
 E - a scroll of amnesia
 G - a scroll of enchant armour
Potions
 D - a potion of resistance
 O - a potion of lignification {unknown}
 P - 4 potions of enlightenment {unknown}
 Q - a potion of invisibility {unknown}
 R - a potion of mutation {unknown}
 S - 2 potions of curing {unknown}
 T - 2 potions of haste


   Skills:
 - Level 5.0 Fighting
 * Level 6.8 Short Blades
 - Level 2.0 Throwing
 - Level 2.0 Armour
 - Level 5.0 Dodging
 - Level 2.0 Stealth
 - Level 2.0 Shields
 - Level 3.0 Unarmed Combat
 - Level 5.0 Spellcasting
 + Level 1.5 Invocations
 - Level 2.0 Evocations
 - Level 2.0 Shapeshifting


You had 18 spell levels left.
You didn't know any spells.
Your spell library contained the following spells:

 Spells                   Type           Power      Damage    Failure   Level
 Scorch                   Fire           8%         2d5       96%         2
 Sublimation of Blood     Necr           4%         N/A       96%         2
 Wereblood                Tmut           4%         N/A       96%         2
 Flame Wave               Conj/Fire      4%         2d5       100%        4
 Summon Cactus Giant      Summ           2%         N/A       100%        6
 Summon Hydra             Summ           2%         N/A       100%        7


Dungeon Overview and Level Annotations

Branches:
Dungeon (7/15)             Temple (1/1) D:4           Sewer (visited)

Altars:
Ashenzari
Cheibriados
Dithmenos
Fedhas
Gozag
Hepliaklqana
Kikubaaqudgha
Makhleb
Nemelex Xobeh
Qazlal
Ru
Sif Muna
Trog
Uskayaw
Wu Jian
Xom

Shops:
D:2 !   D:5 :   D:6 [[[


Innate Abilities, Weirdness & Mutations

Your life essence is reduced to manifest your ancestor. (-10% HP)
You regenerate health from kills.
You regenerate magic rapidly.
When seriously injured, your blood forms armour. (AC +6)
You have a small tail.


Message History

The yak gores Keminub but does no damage.
You block the yak's attack. x2; The yak barely misses you.
Keminub hits the yak with a +0 dagger of draining!
Keminub drains the yak.
The yak dies!
Your Invocations skill increases to level 1!
You hit the yak but do no damage.
The yak is almost dead.
Keminub hits the yak with a +0 dagger of draining.
Keminub drains the yak.
The yak gores you!
* * * LOW HITPOINT WARNING * * *
Something hits Keminub but does no damage.
The yak gores you!
* * * LOW HITPOINT WARNING * * *
The yak gores Keminub!
Okay, then.
You strike the helpless yak from behind!
You puncture the yak!
You kill the yak!
Keminub barely misses something.
Keminub hits something with a +0 dagger of draining.
The yak gores you.
* * * LOW HITPOINT WARNING * * *
Something hits Keminub but does no damage.
The orc wizard closely misses you. You block the yak's attack.
You barely miss the yak.
The yak is almost dead.
Keminub hits something with a +0 dagger of draining.
The orc hits you but does no damage.
Keminub gestures next to the orc while chanting.
The yak gores you but does no damage.
You barely miss the yak.
The yak is almost dead.
You block the yak's attack.
The orc wizard hits you but does no damage.
The orc misses you.
Something hits Keminub but does no damage.
Keminub hits something but does no damage.
The yak gores you.
You die...

.. ###..... .. .
.......# F. .. #......#
.# #. .###......###.#
#. .............. ..
..###............ ..
#.......o........ ..
#...@Y........ #.
###.Yo.....#.. ##
#†R{<....... ..
.........)..... #####
................ ...
................ #.#
................ # #..
#####...........##.####
#..................


You could see the friendly Keminub the hexer, 2 yaks, an orc wizard and an orc.

Vanquished Creatures
  Sigmund (D:2)
  6 yaks
  Menkaure (D:7)
  Duvessa (D:5)
  An orc warrior (D:7)
  2 black bears
  3 ogres
  2 phantoms
  3 kobold brigands (Sewer)
  A scorpion (D:5)
  A howler monkey (D:5)
  2 hounds
  A sleepcap (D:6)
  An iguana (D:5)
  6 orc wizards
  8 adders
  A gnoll (D:1)
  3 river rats
  A shadow imp (D:3)
  3 ufetubi
  8 worms
  3 dart slugs
  19 orcs
  8 ball pythons
  13 bats
  14 endoplasms
  6 giant cockroaches
  6 goblins
  7 hobgoblins
  3 jackals (D:4)
  5 quokkas
  2 training dummies (D:5)
  A frilled lizard (D:2)
  9 kobolds
  7 rats
159 creatures vanquished.

Vanquished Creatures (collateral kills)
  A yak (D:7)
  An iguana (D:6)
  3 orcs (D:7)
5 creatures vanquished.

Vanquished Creatures (others)
  2 hexers
2 creatures vanquished.

Grand Total: 166 creatures vanquished

Notes
Turn   | Place    | Note
-------+----------+-------------------------------------------
     0 | D:1      | IdlyInterested the Demonspawn Monk began the quest for the
                  | Orb.
     0 | D:1      | Reached XP level 1. HP: 18/18 MP: 1/1
    28 | D:1      | Gained mutation: You regenerate a little health from kills.
                  | [demonic ancestry]
    28 | D:1      | Reached XP level 2. HP: 8/24 MP: 2/2
   129 | D:1      | Reached skill level 1 in Stealth
   354 | D:1      | Reached skill level 1 in Throwing
   354 | D:1      | Reached skill level 1 in Armour
   354 | D:1      | Gained mutation: When seriously injured, your blood forms
                  | armour. (AC +6) [demonic ancestry]
   354 | D:1      | Reached XP level 3. HP: 29/29 MP: 3/3
   400 | D:1      | Found a faded altar of an unknown god.
   677 | D:2      | Reached skill level 1 in Evocations
   717 | D:2      | Reached skill level 1 in Shapeshifting
   827 | D:2      | Reached XP level 4. HP: 23/35 MP: 4/4
   897 | D:2      | Found Keojugg's Distillery.
  1107 | D:2      | You fall into a shaft and drop 1 floor!
  1112 | D:3      | Found a glowing drain.
  1140 | D:3      | HP: 1/36 [worm (7)]
  1177 | Sewer    | Entered a sewer
  1297 | Sewer    | Noticed a kobold brigand
  1343 | Sewer    | Killed a kobold brigand
  1344 | Sewer    | Reached XP level 5. HP: 19/42 MP: 5/5
  1812 | Sewer    | Gained mutation: You regenerate health from kills. [demonic
                  | ancestry]
  1812 | Sewer    | Reached XP level 6. HP: 15/48 MP: 6/6
  2542 | D:2      | Noticed Sigmund
  2563 | D:2      | Killed Sigmund
  2564 | D:2      | Reached skill level 1 in Spellcasting
  2564 | D:2      | Reached XP level 7. HP: 28/54 MP: 6/8
  2776 | D:2      | Bought a potion of resistance for 140 gold pieces
  2830 | D:3      | Found an opulent altar of Gozag.
  3931 | D:4      | Found a staircase to the Ecumenical Temple.
  3939 | Temple   | Found a transporter.
  3939 | Temple   | Found a transporter.
  3939 | Temple   | Found a transporter.
  3939 | Temple   | Found a transporter.
  3939 | Temple   | Entered the Ecumenical Temple
  4660 | D:5      | Entered Level 5 of the Dungeon
  5138 | D:5      | HP: 1/54 [ogre/+0 giant spiked club (23)]
  5141 | D:5      | Gained mutation: You regenerate magic rapidly. [demonic
                  | ancestry]
  5141 | D:5      | Reached XP level 8. HP: 5/61 MP: 14/14
  5412 | D:5      | Found Biximemo's Book Emporium.
  5473 | D:5      | Reached skill level 1 in Short Blades
  5551 | D:5      | Reached skill level 2 in Short Blades
  5618 | D:5      | Noticed Duvessa
  5618 | D:5      | Noticed Dowan
  5624 | D:5      | Dowan changed into Dowan the howler monkey
  5624 | D:5      | Noticed Dowan
  5642 | D:5      | Killed Duvessa
  5643 | D:5      | Reached skill level 5 in Fighting
  5647 | D:5      | Killed Dowan the howler monkey
  5648 | D:5      | Reached skill level 3 in Short Blades
  6011 | D:2      | Bought a potion of haste for 140 gold pieces
  6100 | Temple   | Became a worshipper of Hepliaklqana the Forgotten
  6100 | Temple   | Reached * piety under Hepliaklqana
  6100 | Temple   | Reached ** piety under Hepliaklqana
  6101 | Temple   | Remembered your ancestor Keminub as a hexer
  6201 | D:6      | Found Bevyu's Antique Armour Boutique.
  6430 | D:6      | Found Laozoagi's Armour Boutique.
  6726 | D:6      | Reached skill level 4 in Short Blades
  6746 | D:6      | Reached skill level 5 in Short Blades
  6746 | D:6      | Reached skill level 5 in Dodging
  6762 | D:6      | Gained mutation: You have a small tail. [demonic ancestry]
  6762 | D:6      | Reached XP level 9. HP: 61/61 MP: 15/15
  6806 | D:6      | Found Ytidao's Armour Boutique.
  7204 | D:7      | Reached skill level 6 in Short Blades
  7321 | D:7      | Noticed Menkaure
  7326 | D:7      | Killed Menkaure
  7327 | D:7      | Reached skill level 5 in Spellcasting
  7334 | D:7      | Reached skill level 1 in Invocations
  7337 | D:7      | Slain by a yak

Illustrated notes

Levels and vault maps discovered:
D:1:      spicycebolla_arrival_clurvy, layout_rooms,
          hellmonk_ecumenical_altar_arch_garden
D:2:      layout_rooms, serial_shops, shop_fountains, minmay_increasing_density,
          uniq_sigmund
D:3:      minmay_door_path, layout_loops_ring, grunt_gozag_statues,
          cheibrodos_sewer_entry_sluice
D:4:      layout_gridville, minmay_temple_entry_hall, minmay_fountain_box
D:5:      dreamdust_elfheim, layout_layer_cave, serial_shops, kennysheep_mini
D:6:      layout_basic, tso_altar, serial_shops, shop,
          nicolae_shop_back_alley_shop, nicolae_shop_hallway_stairs,
          amcnicky_mini_corridor_feature
D:7:      layout_rooms, zin_academy, uniq_menkaure
Temple:   hellmonk_temple_divided_pantheon

Skill      XL: |  1  2  3  4  5  6  7  8  9 |
---------------+----------------------------+-----
Dodging        | 3 4 5 |  5.0
Stealth        | 1 2 |  2.0
Unarmed Combat | 3 |  3.0
Throwing       | 1 2 |  2.0
Armour         | 1 2 |  2.0
Evocations     | 1 2 |  2.0
Shapeshifting  | 1 2 |  2.0
Fighting       | 4 5 |  5.0
Shields        | 2 |  2.0
Spellcasting   | 1 4 5 |  5.0
Short Blades   | 5 6 |  6.8
Invocations    | 1 |  1.5

Action                     |  1- 3 |  4- 6 |  7- 9 || total
---------------------------+-------+-------+-------++-------
  Melee: Unarmed           |   104 |    96 |       ||   200
         Rapier            |       |   145 |   317 ||   462
         Punch             |       |     6 |     1 ||     7
         Tailslap          |       |       |    11 ||    11
  Throw: Stone             |     9 |    11 |       ||    20
         Javelin           |     2 |       |       ||     2
         Dart              |       |       |     8 ||     8
 Invoke: Ancestor Life: He |       |       |     1 ||     1
  Evoke: Wand              |       |       |     1 ||     1
    Use: Scroll            |     2 |     5 |     5 ||    12
         Potion            |       |     3 |       ||     3
   Stab: Distracted        |       |       |     3 ||     3
         Confused          |       |       |     2 ||     2
 Armour: Robe              |    22 |       |       ||    22
         Scale mail        |    22 |   168 |    65 ||   255
         Chain mail        |       |       |   305 ||   305
  Dodge: Dodged            |    64 |    92 |   161 ||   317
  Block: Buckler           |       |       |    29 ||    29

Table legend: (Time is in decaauts)
 A = Elapsed time spent in this place.
 B = Non-inter-level travel time spent in this place.
 C = Inter-level travel time spent in this place.
 D = Time resting spent in this place.
 E = Time spent auto-exploring this place.
 F = Levels seen in this place.
 G = Mean time per level.
                   A        B        C        D        E       F      G
               +--------+--------+--------+--------+--------+-----+--------+
         Total |   7556 |   6703 |    853 |    879 |   3558 |   9 |  839.6 |
       Dungeon |   6083 |   5266 |    817 |    296 |   3126 |   7 |  869.0 |
        Temple |     64 |     29 |     35 |      0 |      0 |   1 |   64.0 |
         Sewer |   1409 |   1409 |      0 |    583 |    432 |   1 | 1409.0 |
               +--------+--------+--------+--------+--------+-----+--------+

Top non-repeatable levels by time:
   Sewer: 1409 daAuts
     D:5: 1205 daAuts
     D:4: 1190 daAuts
     D:3: 1095 daAuts
     D:6: 979 daAuts
     D:2: 861 daAuts
     D:1: 597 daAuts
     D:7: 154 daAuts
  Temple: 64 daAuts
